2926 views
Uploaded 2020-03-11 22:00:04
Game version 1.32.2
26:26 long 2on2 ladder game on (4)TwistedMeadows
Saved by BEARAND
2926 views
Uploaded 2020-03-11 22:00:04
Game version 1.32.2
26:26 long 2on2 ladder game on (4)TwistedMeadows


66 units @ 8.4k
/ 1.3k
206 buildings @ 15.6k
/ 9.5k


| Healing Salve | 2 | 200 |
| Lesser Clarity Potion | 4 | 280 |
| Orb of Lightning | 2 | 750 |
| Boots of Speed | 2 | 500 |
| Staff of Teleportation | 2 | 300 |
| Circlet of Nobility | 1 | 175 |
| Staff of Sanctuary | 2 | 500 |
| total: | 15 | 2705g |
| Peon | 16 | 1200 | / | 0 |
| Troll Batrider | 19 | 3040 | / | 760 |
| Goblin Shredder | 1 | 375 | / | 100 |
| total: | 36 | 4615g | / | 860w |
| Watch Tower | 65 | 7150 | / | 5200 |
| Altar of Storms | 1 | 180 | / | 50 |
| Orc Burrow | 4 | 640 | / | 160 |
| War Mill | 1 | 205 | / | 0 |
| Voodoo Lounge | 3 | 390 | / | 90 |
| Great Hall | 2 | 770 | / | 370 |
| Beastiary | 2 | 290 | / | 280 |
| Stronghold | 1 | 315 | / | 190 |
| Fortress | 1 | 325 | / | 190 |
| total: | 78 | 9625g | / | 6150w |
| 0:03 | Altar of Storms |
| 0:04 | Peon |
| 0:04 | Peon |
| 0:06 | Orc Burrow |
| 0:14 | Peon |
| 0:29 | Peon |
| 0:43 | Peon |
| 0:50 | War Mill |
| 1:01 | Voodoo Lounge |
| 1:10 | Peon |
| 1:36 | Peon |
| 1:36 | Peon |
| 1:36 | Peon |
| 1:43 | Peon |
| 1:54 | Orc Burrow |
| 2:07 | Watch Tower |
| 2:10 | Healing Salve |
| 2:10 | Lesser Clarity Potion |
| 2:11 | Lesser Clarity Potion |
| 2:12 | Wind Walk |
| 2:15 | Peon |
| 2:33 | Voodoo Lounge |
| 2:43 | Peon |
| 3:05 | Peon |
| 3:09 | Spiked Barricades |
| 3:11 | Watch Tower |
| 3:16 | Watch Tower |
| 3:31 | Watch Tower |
| 4:09 | Watch Tower |
| 4:14 | Watch Tower |
| 4:36 | Watch Tower |
| 4:37 | Watch Tower |
| 4:39 | Lesser Clarity Potion |
| 4:50 | Stronghold |
| 5:03 | Watch Tower |
| 5:11 | Boots of Speed |
| 5:11 | Staff of Teleportation |
| 6:01 | Orc Burrow |
| 6:10 | Watch Tower |
| 6:11 | Watch Tower |
| 6:14 | Watch Tower |
| 6:20 | Watch Tower |
| 7:09 | Lesser Clarity Potion |
| 7:21 | Beastiary |
| 7:34 | Voodoo Lounge |
| 7:42 | Peon |
| 8:14 | Hex |
| 8:20 | Fortress |
| 8:25 | Watch Tower |
| 8:41 | Critical Strike |
| 9:03 | Troll Batrider |
| 9:03 | Troll Batrider |
| 9:10 | Watch Tower |
| 9:13 | Watch Tower |
| 9:29 | Staff of Teleportation |
| 9:41 | Boots of Speed |
| 9:44 | Circlet of Nobility |
| 9:51 | Watch Tower |
| 9:54 | Troll Batrider |
| 10:24 | Troll Batrider |
| 10:28 | Watch Tower |
| 10:50 | Orc Burrow |
| 10:59 | Troll Batrider |
| 11:07 | Watch Tower |
| 11:14 | Orb of Lightning |
| 11:31 | Troll Batrider |
| 11:32 | Troll Batrider |
| 11:49 | Healing Wave |
| 12:42 | Reinforced Defenses |
| 12:47 | Watch Tower |
| 12:47 | Watch Tower |
| 12:50 | Great Hall |
| 12:56 | Watch Tower |
| 12:56 | Watch Tower |
| 12:57 | Watch Tower |
| 12:57 | Watch Tower |
| 13:01 | Wind Walk |
| 13:36 | Troll Batrider |
| 13:57 | Healing Salve |
| 13:57 | Orb of Lightning |
| 14:08 | Beastiary |
| 14:10 | Troll Batrider |
| 14:10 | Troll Batrider |
| 14:27 | Watch Tower |
| 14:27 | Watch Tower |
| 14:28 | Watch Tower |
| 14:28 | Watch Tower |
| 14:37 | Troll Batrider |
| 15:00 | Staff of Sanctuary |
| 15:31 | Watch Tower |
| 15:32 | Watch Tower |
| 15:35 | Watch Tower |
| 15:44 | Watch Tower |
| 16:15 | Troll Batrider |
| 16:18 | Liquid Fire |
| 16:29 | Watch Tower |
| 16:35 | Peon |
| 16:40 | Peon |
| 16:54 | Watch Tower |
| 16:58 | Watch Tower |
| 18:02 | Watch Tower |
| 18:18 | Healing Wave |
| 18:30 | Troll Batrider |
| 18:31 | Goblin Shredder |
| 18:37 | Watch Tower |
| 18:38 | Watch Tower |
| 18:54 | Staff of Sanctuary |
| 18:58 | Troll Batrider |
| 19:01 | Troll Batrider |
| 19:34 | Steel Ranged Weapons |
| 19:55 | Watch Tower |
| 20:12 | Watch Tower |
| 20:13 | Watch Tower |
| 20:18 | Watch Tower |
| 20:45 | Thorium Ranged Weapons |
| 21:15 | Watch Tower |
| 22:03 | Watch Tower |
| 22:04 | Watch Tower |
| 22:29 | Troll Batrider |
| 22:30 | Troll Batrider |
| 22:40 | Hex |
| 22:43 | Critical Strike |
| 22:54 | Improved Spiked Barricades |
| 22:59 | Watch Tower |
| 22:59 | Watch Tower |
| 23:21 | Watch Tower |
| 23:22 | Watch Tower |
| 23:43 | Troll Batrider |
| 23:44 | Troll Batrider |
| 23:46 | Steel Armor |
| 23:59 | Watch Tower |
| 23:59 | Watch Tower |
| 24:04 | Great Hall |
| 24:08 | Watch Tower |
| 24:09 | Watch Tower |
| 24:11 | Watch Tower |
| 24:12 | Watch Tower |
| 24:17 | Watch Tower |
| 24:17 | Watch Tower |
| 24:25 | Watch Tower |
| 25:17 | Watch Tower |
| 25:18 | Watch Tower |
| 25:21 | Watch Tower |
| 25:30 | Watch Tower |
| 25:31 | Watch Tower |
| 25:32 | Watch Tower |
| Right click | 1884 |
| Select group | 763 |
| Select | 298 |
| Build/train/purchase | 115 |
| Use ability | 58 |
| Assign group | 34 |
| Misc. action | 19 |
| Minimap ping | 14 |
| Esc | 4 |
| Chat | 4 |
| Item give/drop | 2 |
BEARAND
(26:24) : 


| Scroll of Regeneration | 1 | 100 |
| Staff of Sanctuary | 3 | 750 |
| Staff of Teleportation | 3 | 450 |
| Boots of Speed | 3 | 750 |
| Healing Salve | 2 | 200 |
| Orb of Lightning | 2 | 750 |
| total: | 14 | 3000g |
| Peasant | 19 | 1425 | / | 0 |
| Priest | 2 | 270 | / | 20 |
| Dragonhawk Rider | 4 | 800 | / | 120 |
| Goblin Shredder | 1 | 375 | / | 100 |
| Goblin Zeppelin | 4 | 960 | / | 240 |
| total: | 30 | 3830g | / | 480w |
| Scout Tower | 111 | 3330 | / | 2220 |
| Arcane Tower | 8 | 560 | / | 400 |
| Guard Tower | 55 | 3850 | / | 2750 |
| Altar of Kings | 2 | 360 | / | 100 |
| Farm | 5 | 400 | / | 100 |
| Lumber Mill | 1 | 120 | / | 0 |
| Arcane Vault | 3 | 390 | / | 90 |
| Town Hall | 2 | 770 | / | 410 |
| Blacksmith | 1 | 140 | / | 60 |
| Barracks | 1 | 160 | / | 60 |
| Arcane Sanctum | 1 | 150 | / | 140 |
| Gryphon Aviary | 1 | 140 | / | 150 |
| Keep | 2 | 640 | / | 420 |
| Castle | 1 | 360 | / | 210 |
| total: | 128 | 5960g | / | 3330w |
| 0:03 | Peasant |
| 0:03 | Peasant |
| 0:12 | Altar of Kings |
| 0:14 | Altar of Kings |
| 0:20 | Farm |
| 0:21 | Peasant |
| 0:31 | Peasant |
| 0:53 | Peasant |
| 0:56 | Lumber Mill |
| 1:01 | Peasant |
| 1:03 | Scout Tower |
| 1:15 | Scout Tower |
| 1:21 | Peasant |
| 1:34 | Scout Tower |
| 1:36 | Farm |
| 1:41 | Arcane Tower |
| 1:49 | Peasant |
| 1:51 | Peasant |
| 2:02 | Peasant |
| 2:12 | Blizzard |
| 2:21 | Peasant |
| 2:21 | Peasant |
| 2:22 | Peasant |
| 2:25 | Guard Tower |
| 2:32 | Scout Tower |
| 2:37 | Peasant |
| 2:53 | Scout Tower |
| 2:54 | Peasant |
| 3:21 | Guard Tower |
| 3:41 | Guard Tower |
| 3:49 | Keep |
| 4:08 | Brilliance Aura |
| 4:20 | Improved Masonry |
| 4:41 | Staff of Teleportation |
| 4:41 | Boots of Speed |
| 4:51 | Scout Tower |
| 4:51 | Scout Tower |
| 4:52 | Scout Tower |
| 4:54 | Farm |
| 4:55 | Farm |
| 5:00 | Scout Tower |
| 5:01 | Healing Salve |
| 5:06 | Scout Tower |
| 5:58 | Scout Tower |
| 5:59 | Scout Tower |
| 6:03 | Arcane Vault |
| 6:28 | Guard Tower |
| 7:00 | Blizzard |
| 7:09 | Town Hall |
| 7:19 | Scroll of Regeneration |
| 7:27 | Scout Tower |
| 7:28 | Scout Tower |
| 7:28 | Scout Tower |
| 7:29 | Scout Tower |
| 7:29 | Scout Tower |
| 7:30 | Scout Tower |
| 7:30 | Scout Tower |
| 7:30 | Scout Tower |
| 7:36 | Storm Bolt |
| 7:40 | Peasant |
| 7:41 | Peasant |
| 7:42 | Peasant |
| 7:48 | Scout Tower |
| 7:49 | Scout Tower |
| 7:50 | Scout Tower |
| 7:54 | Healing Salve |
| 7:57 | Arcane Tower |
| 8:23 | Guard Tower |
| 8:26 | Improved Lumber Harvesting |
| 8:54 | Arcane Tower |
| 8:55 | Guard Tower |
| 9:25 | Guard Tower |
| 9:25 | Guard Tower |
| 9:28 | Peasant |
| 9:30 | Boots of Speed |
| 9:51 | Guard Tower |
| 9:53 | Scout Tower |
| 9:54 | Scout Tower |
| 9:57 | Advanced Masonry |
| 10:26 | Bash |
| 10:30 | Goblin Shredder |
| 10:30 | Goblin Zeppelin |
| 10:36 | Guard Tower |
| 10:44 | Guard Tower |
| 10:48 | Guard Tower |
| 10:57 | Arcane Vault |
| 11:14 | Guard Tower |
| 11:17 | Guard Tower |
| 11:25 | Scout Tower |
| 11:26 | Scout Tower |
| 11:26 | Scout Tower |
| 11:27 | Scout Tower |
| 11:27 | Scout Tower |
| 11:38 | Castle |
| 12:28 | Guard Tower |
| 12:31 | Arcane Sanctum |
| 12:32 | Farm |
| 12:36 | Scout Tower |
| 12:36 | Scout Tower |
| 13:01 | Guard Tower |
| 13:04 | Gryphon Aviary |
| 13:05 | Blacksmith |
| 13:28 | Brilliance Aura |
| 13:30 | Storm Bolt |
| 13:40 | Scout Tower |
| 13:41 | Scout Tower |
| 13:44 | Guard Tower |
| 13:45 | Scout Tower |
| 13:46 | Scout Tower |
| 13:46 | Scout Tower |
| 13:47 | Scout Tower |
| 13:47 | Scout Tower |
| 13:51 | Guard Tower |
| 13:55 | Scout Tower |
| 13:56 | Scout Tower |
| 13:56 | Scout Tower |
| 13:57 | Scout Tower |
| 13:57 | Scout Tower |
| 13:58 | Scout Tower |
| 13:58 | Scout Tower |
| 13:59 | Scout Tower |
| 14:03 | Arcane Vault |
| 14:05 | Magic Sentry |
| 14:06 | Priest |
| 14:12 | Priest |
| 14:21 | Guard Tower |
| 14:24 | Scout Tower |
| 14:24 | Scout Tower |
| 14:25 | Scout Tower |
| 14:27 | Scout Tower |
| 14:27 | Scout Tower |
| 14:27 | Scout Tower |
| 14:28 | Dragonhawk Rider |
| 14:29 | Dragonhawk Rider |
| 14:39 | Guard Tower |
| 15:04 | Staff of Teleportation |
| 15:06 | Staff of Sanctuary |
| 15:14 | Guard Tower |
| 15:15 | Guard Tower |
| 15:32 | Staff of Sanctuary |
| 15:45 | Barracks |
| 15:56 | Holy Light |
| 16:01 | Orb of Lightning |
| 16:11 | Boots of Speed |
| 16:29 | Dragonhawk Rider |
| 16:30 | Guard Tower |
| 16:31 | Guard Tower |
| 16:33 | Imbued Masonry |
| 16:36 | Scout Tower |
| 16:40 | Guard Tower |
| 16:43 | Guard Tower |
| 16:45 | Guard Tower |
| 16:49 | Arcane Tower |
| 16:53 | Arcane Tower |
| 16:55 | Guard Tower |
| 17:08 | Animal War Training |
| 17:15 | Studded Leather Armor |
| 17:18 | Arcane Tower |
| 18:02 | Dragonhawk Rider |
| 18:03 | Arcane Tower |
| 18:04 | Guard Tower |
| 18:08 | Guard Tower |
| 18:09 | Guard Tower |
| 18:10 | Scout Tower |
| 18:10 | Scout Tower |
| 18:19 | Guard Tower |
| 18:20 | Scout Tower |
| 18:21 | Scout Tower |
| 18:22 | Scout Tower |
| 18:32 | Guard Tower |
| 18:33 | Scout Tower |
| 18:34 | Scout Tower |
| 18:35 | Scout Tower |
| 18:36 | Scout Tower |
| 18:39 | Goblin Zeppelin |
| 18:45 | Divine Shield |
| 19:01 | Guard Tower |
| 20:18 | Iron Forged Swords |
| 20:18 | Reinforced Leather Armor |
| 20:19 | Guard Tower |
| 20:20 | Scout Tower |
| 20:21 | Scout Tower |
| 20:22 | Scout Tower |
| 20:23 | Scout Tower |
| 20:24 | Scout Tower |
| 20:24 | Scout Tower |
| 20:25 | Scout Tower |
| 20:26 | Guard Tower |
| 20:27 | Guard Tower |
| 20:38 | Guard Tower |
| 21:15 | Guard Tower |
| 21:49 | Goblin Zeppelin |
| 22:11 | Priest Adept Training |
| 22:11 | Sorceress Adept Training |
| 22:32 | Guard Tower |
| 22:45 | Bash |
| 22:46 | Brilliance Aura |
| 22:47 | Holy Light |
| 23:00 | Scout Tower |
| 23:00 | Scout Tower |
| 23:01 | Scout Tower |
| 23:01 | Scout Tower |
| 23:02 | Scout Tower |
| 23:02 | Scout Tower |
| 23:03 | Scout Tower |
| 23:05 | Scout Tower |
| 23:06 | Scout Tower |
| 23:06 | Scout Tower |
| 23:07 | Scout Tower |
| 23:07 | Scout Tower |
| 23:07 | Scout Tower |
| 23:09 | Goblin Zeppelin |
| 23:29 | Staff of Sanctuary |
| 23:42 | Guard Tower |
| 24:04 | Staff of Teleportation |
| 24:07 | Guard Tower |
| 24:10 | Scout Tower |
| 24:10 | Scout Tower |
| 24:11 | Scout Tower |
| 24:11 | Scout Tower |
| 24:11 | Scout Tower |
| 24:12 | Scout Tower |
| 24:12 | Scout Tower |
| 24:13 | Scout Tower |
| 24:13 | Scout Tower |
| 24:18 | Town Hall |
| 24:26 | Scout Tower |
| 24:26 | Scout Tower |
| 24:27 | Scout Tower |
| 24:28 | Scout Tower |
| 24:28 | Scout Tower |
| 24:29 | Scout Tower |
| 24:29 | Scout Tower |
| 24:30 | Scout Tower |
| 24:30 | Scout Tower |
| 24:31 | Scout Tower |
| 24:32 | Scout Tower |
| 24:32 | Scout Tower |
| 24:34 | Steel Forged Swords |
| 24:35 | Dragonhide Armor |
| 24:55 | Orb of Lightning |
| 25:16 | Guard Tower |
| 25:19 | Guard Tower |
| 25:22 | Scout Tower |
| 25:23 | Scout Tower |
| 25:23 | Scout Tower |
| 25:24 | Scout Tower |
| 25:25 | Scout Tower |
| 25:26 | Scout Tower |
| 25:26 | Scout Tower |
| 25:59 | Guard Tower |
| Right click | 2150 |
| Select | 722 |
| Select group | 501 |
| Build/train/purchase | 187 |
| Chat | 83 |
| Use ability | 80 |
| Resource trade | 52 |
| Assign group | 20 |
| Misc. action | 12 |
| Item give/drop | 12 |
| Minimap ping | 5 |
| Remove unit | 2 |
64 units @ 11.5k
/ 1.5k
55 buildings @ 6.5k
/ 3.1k


| Healing Salve | 2 | 200 |
| Lesser Clarity Potion | 2 | 140 |
| Dust of Appearance | 1 | 75 |
| Scroll of Town Portal | 1 | 350 |
| Boots of Speed | 1 | 250 |
| total: | 7 | 1015g |
| Peon | 8 | 600 | / | 0 |
| Grunt | 7 | 1400 | / | 0 |
| Wind Rider | 10 | 2650 | / | 400 |
| Raider | 4 | 720 | / | 160 |
| Goblin Zeppelin | 1 | 240 | / | 60 |
| total: | 30 | 5610g | / | 620w |
| Watch Tower | 15 | 1650 | / | 1200 |
| Altar of Storms | 1 | 180 | / | 50 |
| Orc Burrow | 5 | 800 | / | 200 |
| Barracks | 1 | 180 | / | 50 |
| Voodoo Lounge | 1 | 130 | / | 30 |
| War Mill | 1 | 205 | / | 0 |
| Great Hall | 1 | 385 | / | 185 |
| Beastiary | 2 | 290 | / | 280 |
| Stronghold | 1 | 315 | / | 190 |
| total: | 27 | 3820g | / | 1995w |
| 0:03 | Peon |
| 0:03 | Peon |
| 0:14 | Altar of Storms |
| 0:21 | Orc Burrow |
| 0:29 | Barracks |
| 0:36 | Peon |
| 0:52 | Peon |
| 1:06 | Peon |
| 1:31 | Grunt |
| 1:46 | Orc Burrow |
| 1:53 | Peon |
| 2:06 | Voodoo Lounge |
| 2:15 | Wind Walk |
| 2:37 | War Mill |
| 2:46 | Grunt |
| 3:11 | Peon |
| 3:18 | Grunt |
| 3:23 | Healing Salve |
| 3:58 | Grunt |
| 4:15 | Stronghold |
| 4:45 | Orc Burrow |
| 4:48 | Watch Tower |
| 5:20 | Steel Melee Weapons |
| 6:01 | Grunt |
| 6:04 | Orc Burrow |
| 6:19 | Orc Burrow |
| 6:50 | Lesser Clarity Potion |
| 6:57 | Grunt |
| 7:01 | Beastiary |
| 7:10 | Beastiary |
| 8:08 | Grunt |
| 8:12 | Watch Tower |
| 8:15 | Wind Rider |
| 8:24 | Mirror Image |
| 8:40 | Healing Wave |
| 8:47 | Wind Rider |
| 8:53 | Healing Salve |
| 9:08 | Watch Tower |
| 9:32 | Wind Rider |
| 9:52 | Wind Rider |
| 10:24 | Wind Rider |
| 10:31 | Steel Ranged Weapons |
| 10:52 | Hex |
| 10:55 | Wind Walk |
| 11:31 | Dust of Appearance |
| 11:40 | Great Hall |
| 12:22 | Wind Rider |
| 13:55 | Wind Rider |
| 13:58 | Wind Rider |
| 14:23 | Watch Tower |
| 14:32 | Scroll of Town Portal |
| 15:05 | Wind Rider |
| 15:11 | Peon |
| 15:26 | Watch Tower |
| 15:34 | Watch Tower |
| 15:42 | Reinforced Defenses |
| 15:49 | Steel Armor |
| 16:35 | Watch Tower |
| 16:55 | Wind Rider |
| 18:06 | Raider |
| 18:49 | Raider |
| 18:55 | Watch Tower |
| 19:52 | Critical Strike |
| 20:00 | Ensnare |
| 20:15 | Lesser Clarity Potion |
| 20:52 | Boots of Speed |
| 20:58 | Healing Wave |
| 21:03 | Raider |
| 21:21 | Raider |
| 21:27 | Thorium Melee Weapons |
| 22:15 | Watch Tower |
| 22:17 | Watch Tower |
| 22:20 | Watch Tower |
| 22:23 | Watch Tower |
| 22:25 | Watch Tower |
| 22:28 | Watch Tower |
| 22:31 | Watch Tower |
| 24:59 | Goblin Zeppelin |
| Right click | 576 |
| Select | 280 |
| Build/train/purchase | 86 |
| Select group | 46 |
| Use ability | 28 |
| Misc. action | 13 |
| Assign group | 10 |
| Minimap ping | 6 |
| Resource trade | 6 |


| Scroll of Regeneration | 4 | 400 |
| Scroll of Town Portal | 1 | 350 |
| total: | 5 | 750g |
| Peasant | 9 | 675 | / | 0 |
| Footman | 12 | 1620 | / | 0 |
| Gryphon Rider | 13 | 3640 | / | 910 |
| total: | 34 | 5935g | / | 910w |
| Scout Tower | 7 | 210 | / | 140 |
| Arcane Tower | 1 | 70 | / | 50 |
| Guard Tower | 6 | 420 | / | 300 |
| Altar of Kings | 1 | 180 | / | 50 |
| Farm | 12 | 960 | / | 240 |
| Barracks | 1 | 160 | / | 60 |
| Lumber Mill | 1 | 120 | / | 0 |
| Arcane Vault | 2 | 260 | / | 60 |
| Blacksmith | 1 | 140 | / | 60 |
| Town Hall | 1 | 385 | / | 205 |
| Gryphon Aviary | 2 | 280 | / | 300 |
| Keep | 1 | 320 | / | 210 |
| Castle | 2 | 720 | / | 420 |
| total: | 28 | 2695g | / | 1115w |
| 0:03 | Peasant |
| 0:03 | Peasant |
| 0:08 | Altar of Kings |
| 0:12 | Farm |
| 0:18 | Barracks |
| 0:30 | Peasant |
| 0:47 | Farm |
| 0:50 | Peasant |
| 0:59 | Peasant |
| 1:16 | Peasant |
| 1:20 | Footman |
| 1:28 | Scout Tower |
| 1:42 | Footman |
| 1:50 | Peasant |
| 1:55 | Arcane Tower |
| 1:59 | Farm |
| 2:10 | Footman |
| 2:14 | Storm Bolt |
| 2:25 | Footman |
| 3:08 | Scout Tower |
| 3:12 | Footman |
| 3:29 | Footman |
| 4:07 | Footman |
| 4:44 | Keep |
| 4:50 | Lumber Mill |
| 4:58 | Footman |
| 5:02 | Farm |
| 5:57 | Guard Tower |
| 6:05 | Arcane Vault |
| 6:23 | Footman |
| 6:44 | Footman |
| 6:51 | Blacksmith |
| 7:10 | Footman |
| 7:23 | Scroll of Regeneration |
| 7:30 | Farm |
| 7:34 | Farm |
| 8:04 | Castle |
| 8:10 | Peasant |
| 8:10 | Peasant |
| 8:34 | Holy Light |
| 8:45 | Castle |
| 9:20 | Footman |
| 9:26 | Scout Tower |
| 9:41 | Bash |
| 10:25 | Gryphon Aviary |
| 10:35 | Gryphon Aviary |
| 10:39 | Scroll of Regeneration |
| 10:45 | Divine Shield |
| 10:54 | Scroll of Regeneration |
| 11:12 | Guard Tower |
| 11:17 | Iron Forged Swords |
| 11:40 | Gryphon Rider |
| 11:42 | Gryphon Rider |
| 11:44 | Storm Hammers |
| 12:04 | Storm Bolt |
| 12:48 | Gryphon Rider |
| 13:03 | Scout Tower |
| 13:08 | Scout Tower |
| 13:28 | Gryphon Rider |
| 13:35 | Guard Tower |
| 14:05 | Farm |
| 14:22 | Guard Tower |
| 14:31 | Scout Tower |
| 14:39 | Arcane Vault |
| 14:53 | Farm |
| 14:59 | Gryphon Rider |
| 15:01 | Guard Tower |
| 15:50 | Gryphon Rider |
| 15:55 | Farm |
| 15:58 | Farm |
| 16:02 | Steel Forged Swords |
| 16:15 | Scroll of Regeneration |
| 16:54 | Scroll of Town Portal |
| 17:12 | Gryphon Rider |
| 17:13 | Gryphon Rider |
| 17:18 | Farm |
| 17:35 | Scout Tower |
| 18:13 | Guard Tower |
| 20:23 | Gryphon Rider |
| 20:25 | Gryphon Rider |
| 20:54 | Holy Light |
| 21:03 | Gryphon Rider |
| 21:04 | Gryphon Rider |
| 21:08 | Iron Plating |
| 21:14 | Farm |
| 23:29 | Town Hall |
| 24:50 | Gryphon Rider |
| Right click | 325 |
| Select | 324 |
| Build/train/purchase | 67 |
| Use ability | 21 |
| Minimap ping | 2 |
| Item give/drop | 1 |
| Remove unit | 1 |